Map: Odyssey LE

Players

Baki - Winner!

  • Race: Terran Terran
  • League: Diamond
  • Spawn Location: 5:00

Dessa

  • Race: Zerg Zerg
  • League: Diamond
  • Spawn Location: 11:00

VOD

Have the link to the VOD?

Description

Time

  • Played on: Dec. 18, 2017, 11:44 a.m.
  • Length: 16:40
Show
View Real Time Build Order
Export as new Build Order

Baki Terran - Winner!

Build Orders: Reaper Expand, Bio Tank 

Get SALT Encoding   

  12  0:02  SCV  
  13  0:14  SCV  
  13  0:19  Supply Depot  
  14  0:26  SCV  
  15  0:40  SCV  
  15  0:42  Barracks  
  16  0:46  Refinery  
  16  0:52  SCV  
  17  1:04  SCV  
  18  1:17  SCV  
  19  1:31  Orbital Command  
  19  1:35  Reaper  
  20  1:45  Command Center  
  20  1:49  Refinery  
  20  1:57  SCV  
  21  2:08  Supply Depot  
  21  2:09  SCV  
  22  2:15  Marine  
  22  2:18  Factory  
  23  2:29  SCV  
  24  2:34  Marine  
  24  2:36  Bunker  
  25  2:41  SCV  
  26  2:54  SCV  
  27  2:58  Orbital Command  
  27  3:06  SCV  
  27  3:08  Hellion  
  27  3:12  Starport  
  30  3:15  Marine  
  30  3:18  SCV  
  32  3:31  SCV  
  33  3:34  SCV  
  33  3:41  Hellion, Barracks Tech Lab  
  36  3:43  SCV  
  37  3:50  SCV  
  38  3:58  Supply Depot  
  38  4:02  Supply Depot  
  38  4:04  SCV  
  37  4:12  SCV, Marine  
  37  4:13  Stimpack  
  37  4:14  Viking  
  37  4:16  Hellion  
  43  4:18  SCV  
  43  4:21  Supply Depot  
  44  4:27  SCV  
  44  4:31  Marine  
  44  4:35  SCV  
  45  4:39  SCV  
  46  4:47  SCV  
  46  4:51  SCV, Medivac  
  50  4:53  Factory Reactor  
  50  4:54  Command Center  
  50  4:58  Barracks  
  50  4:59  Barracks  
  51  5:00  SCV  
  51  5:03  SCV  
  52  5:17  SCV  
  52  5:19  Refinery  
  52  5:20  Refinery  
  53  5:23  SCV  
  53  5:26  Engineering Bay x2  
  54  5:29  SCV  
  55  5:35  SCV  
  55  5:41  SCV  
  57  5:43  Factory Tech Lab, Starport Reactor  
  57  5:44  Factory  
  57  5:48  SCV  
  57  5:49  Marine x2  
  60  5:53  Terran Infantry Weapons Level 1, Terran Infantry Armor Level 1  
  60  5:55  SCV  
  55  6:08  Orbital Command  
  55  6:10  Bunker  
  55  6:11  Marine x2  
  55  6:12  Marine x2  
  55  6:15  Siege Tank  
  55  6:16  Combat Shields  
  62  6:29  Marine  
  62  6:30  Marine x2  
  65  6:33  Factory Tech Lab  
  65  6:35  Supply Depot  
  65  6:39  Starport Reactor  
  65  6:43  Supply Depot  
  65  6:48  Marine x2  
  65  6:49  Marine  
  65  6:50  Siege Tank  
  65  6:53  SCV x2  
  73  6:54  Armory  
  73  6:58  Barracks  
  73  6:59  Barracks, Marine x2  
  73  7:01  Barracks  
  75  7:04  Supply Depot  
  75  7:06  SCV x2, Marine  
  78  7:11  Marine  
  78  7:12  Marine  
  80  7:19  Marine x2  
  82  7:22  Supply Depot  
  82  7:24  Marine  
  82  7:26  Siege Tank  
  82  7:28  Siege Tank  
  89  7:31  Marine  
  90  7:37  Marine x2, Sensor Tower  
  91  7:46  Supply Depot, Marine x2  
  91  7:49  SCV x2, Supply Depot  
  95  7:51  SCV  
  96  7:58  Barracks Tech Lab  
  96  8:01  Barracks Reactor x2  
  96  8:02  Siege Tank  
  97  8:15  Marine x3  
  97  8:16  Marine  
  97  8:33  Marine  
  95  8:34  Marine x2  
  95  8:35  Marauder x2, Terran Infantry Weapons Level 2  
  101  8:43  Refinery  
  101  8:46  Marine x2  
  101  8:47  Marine  
  104  8:52  SCV  
  104  8:53  SCV, Missile Turret  
  106  9:03  Missile Turret  
  106  9:05  Medivac x2, Command Center  
  106  9:07  Marine x3  
  106  9:08  Marine x4  
  106  9:09  SCV x2  
  119  9:12  Refinery  
  119  9:13  SCV  
  120  9:17  Marine  
  120  9:21  SCV x2  
  120  9:32  Marine  
  120  9:33  Marine x4  
  120  9:36  Terran Infantry Armor Level 2  
  120  9:37  Terran Vehicle Weapons Level 1  
  125  9:43  Supply Depot  
  125  9:44  Supply Depot  
  125  9:47  Marine x2, Siege Tank  
  125  9:48  Medivac  
  132  9:57  SCV  
  133  10:04  SCV, Medivac, Siege Tank  
  139  10:18  Medivac  
  139  10:20  Siege Tank  
  144  10:25  SCV x2  
  144  10:26  Planetary Fortress  
  146  10:29  Missile Turret  
  143  10:36  Siege Tank  
  143  10:40  Marine x8  
  143  10:42  Marauder x2  
  156  10:47  Supply Depot  
  156  10:48  Supply Depot x2  
  156  10:58  Marine x2  
  156  11:03  Marine x5  
  163  11:08  SCV, Siege Tank  
  163  11:09  SCV, Marauder x2  
  163  11:10  Siege Tank  
  175  11:14  Medivac x2  
  175  11:16  Terran Infantry Weapons Level 3  
  179  11:28  SCV x2  
  181  11:33  SCV x2  
  183  11:40  SCV  
  183  11:42  Marine  
  183  11:43  Marine x2, Terran Vehicle Weapons Level 2  
  183  11:45  Command Center  
  187  11:47  Command Center  
  175  12:19  Siege Tank  
  135  12:43  Marine x5  
  135  12:44  Marine x4, Siege Tank  
  128  12:48  Medivac, Marine  
  128  12:49  Medivac  
  128  12:51  Siege Tank  
  129  13:01  Marine  
  130  13:10  Marine x3  
  130  13:11  Marine x6  
  138  13:19  Marine  
  134  13:28  Marine x4  
  134  13:29  Marauder  
  134  13:32  Ghost Academy  
  134  13:34  Siege Tank x2  
  146  13:37  Bunker, Orbital Command  
  146  13:39  Missile Turret  
  144  13:52  Marine  
  144  13:53  Marine x6  
  151  14:08  Marine  
  151  14:09  Marauder  
  146  14:10  Marauder, Siege Tank x2  
  146  14:15  Terran Vehicle And Ship Armor Level 1  
  146  14:16  Medivac x2  
  149  14:30  Planetary Fortress  
  149  14:33  Missile Turret  
  149  14:36  Missile Turret, Marine  
  149  14:37  Marine x8  
  158  14:39  Marauder  
  157  15:01  Marine x7  
  157  15:02  Marine  
  157  15:06  Marine x2  
  166  15:15  Siege Tank x2  
  166  15:16  Missile Turret  
  166  15:19  Marine x8  
  180  15:23  Barracks  
  180  15:24  Marine x2, Barracks  
  180  15:25  Barracks  
  157  15:36  Marine  
  157  15:41  Ghost  
  157  15:42  Ghost  
  147  15:48  Marine x7  
  154  15:54  Siege Tank x2, Marine  
  139  16:06  Marine x7  
  130  16:33  Refinery  
  130  16:36  Factory  
Show
View Real Time Build Order
Export as new Build Order

Dessa Zerg 

Build Orders: Hatch First 

Get SALT Encoding   

  12  0:01  Drone  
  13  0:13  Overlord  
  13  0:17  Drone  
  14  0:31  Drone x2  
  14  0:35  Drone  
  17  0:59  Hatchery  
  17  1:00  Drone  
  17  1:03  Drone, Extractor  
  17  1:17  Spawning Pool  
  16  1:20  Drone  
  16  1:23  Drone  
  18  1:30  Drone  
  19  1:39  Overlord  
  19  1:50  Drone  
  20  2:03  Queen  
  20  2:07  Zergling x2, Metabolic Boost  
  23  2:11  Queen  
  23  2:13  Drone  
  23  2:14  Zergling x2  
  27  2:22  Drone  
  28  2:23  Drone  
  29  2:35  Overlord  
  29  2:39  Queen  
  31  2:53  Drone x2, Overlord  
  31  2:55  Drone x2  
  35  3:09  Overlord  
  35  3:15  Drone x3  
  38  3:41  Drone x5, Extractor  
  41  3:42  Extractor  
  41  3:46  Drone  
  41  3:47  Drone x3  
  44  4:05  Lair  
  44  4:06  Extractor  
  44  4:07  Drone x3  
  44  4:08  Drone x2  
  49  4:10  Drone, Overlord  
  49  4:13  Pneumatized Carapace  
  49  4:24  Drone  
  49  4:25  Drone x2, Roach Warren  
  49  4:26  Drone  
  49  4:30  Hatchery  
  51  4:43  Drone x2, Evolution Chamber  
  51  4:44  Evolution Chamber  
  51  5:05  Overlord  
  51  5:06  Overlord  
  51  5:11  Zerg Ground Armor Level 1, Zerg Missile Weapons Level 1  
  51  5:21  Roach x5, Hydralisk Den  
  54  5:23  Overlord x2  
  60  5:29  Drone x6  
  60  5:31  Spore Crawler  
  60  5:32  Spore Crawler  
  63  5:37  Drone  
  63  5:38  Drone  
  65  5:44  Glial Reconstitution  
  65  6:05  Queen  
  65  6:06  Drone x3  
  65  6:07  Drone x8  
  65  6:08  Drone  
  65  6:10  Extractor x2  
  77  6:21  Hydralisk x3, Muscular Augments  
  77  6:22  Hydralisk  
  85  6:31  Roach, Hydralisk  
  89  6:34  Overlord x2  
  89  6:43  Overlord x2  
  89  6:50  Overlord  
  89  6:52  Drone x2  
  89  6:53  Drone  
  92  6:55  Drone x3, Overlord  
  95  7:11  Roach x2, Hydralisk x2  
  95  7:12  Roach  
  105  7:17  Zerg Ground Armor Level 2, Zerg Missile Weapons Level 2  
  105  7:18  Roach x2, Hydralisk x2  
  105  7:19  Roach  
  105  7:22  Roach x2  
  119  7:25  Roach  
  119  7:26  Overlord  
  121  7:49  Roach  
  121  7:50  Roach x3  
  129  7:51  Overlord x3  
  115  8:23  Roach x2  
  115  8:24  Roach x3  
  111  8:49  Hatchery  
  111  8:53  Overlord x3  
  110  8:58  Infestation Pit  
  110  9:00  Hydralisk  
  110  9:01  Roach x4, Hydralisk x4  
  110  9:02  Roach x5  
  137  9:07  Extractor  
  137  9:08  Extractor, Spire  
  134  9:11  Overlord  
  134  9:43  Hive  
  134  9:44  Overlord  
  134  9:45  Roach x4  
  142  9:46  Roach x11  
  164  10:12  Queen  
  166  10:22  Roach x5  
  176  10:38  Roach x3  
  176  10:42  Overlord  
  182  10:58  Viper x2  
  182  10:59  Viper  
  182  11:00  Viper x3  
  200  11:04  Zerg Ground Armor Level 3, Zerg Missile Weapons Level 3  
  198  12:06  Overlord  
  198  12:07  Overlord  
  123  12:43  Viper x2  
  117  13:05  Drone x3  
  117  13:06  Drone x8  
  117  13:07  Drone x4  
  131  13:19  Hatchery  
  130  13:25  Drone  
  130  13:26  Drone x2  
  133  13:28  Hatchery  
  132  13:50  Hatchery  
  119  14:27  Drone  
  119  14:28  Drone x2  
  120  14:31  Roach x2  
  123  14:43  Drone x4  
  123  14:44  Drone x2, Queen  
  131  14:48  Queen  
  131  14:52  Roach x2, Hydralisk x2  
  141  15:09  Roach x4  
  141  15:10  Roach x4  
  129  15:42  Roach  
  129  15:43  Roach x8  
Tags
 
Composition
Bio Tank
Matchup
TvZ
Replay Pack
2017S4
Spawn Locations
Cross Positions
Add a new tag
Caveats
  • Supply blocks, unpowered buildings, or Contaminate may cause inaccurate times.
  • Supply counts are checked every 10 seconds.